 Dungeon Crawl Stone Soup version 0.27-a0-1513-g2aaa0cc67b (webtiles) character file.

Game seed: 7109017125909528754

838 blackman the Cleaver (level 8, -11/58 HPs)
             Began as a Human Fighter on July 9, 2021.
             Was an Initiate of Gozag.
             Mangled by a two-headed ogre (22 damage)
             ... on level 5 of the Dungeon.
             The game lasted 00:11:22 (5770 turns).

blackman the Cleaver (Human Fighter)                Turns: 5770, Time: 00:11:22

Health: -11/58     AC: 13    Str: 20    XL:     8   Next: 19%
Magic:  8/8        EV:  3    Int:  8    God:    Gozag
Gold:   305        SH:  9    Dex: 12    Spells: 7/7 levels left

rFire    . . .     SeeInvis +   a - +0 war axe
rCold    . . .     Faith    .   c - +0 kite shield
rNeg     . . .     Spirit   .   u - +0 plate armour
rPois    .         Reflect  .   x - +0 helmet
rElec    .         Harm     .   (no cloak)
rCorr    .         Rampage  .   (no gloves)
Will     .....                  m - +0 pair of boots
Stlth    ..........             (no amulet)
HPRegen  0.19/turn              n - ring of see invisible
MPRegen  0.11/turn              (no ring)

@: about to teleport
A: no striking features
a: Renounce Religion, Potion Petition, Call Merchant, Bribe Branch


You were on level 5 of the Dungeon.
You worshipped Gozag.
Gozag was aware of your devotion.
You visited 2 branches of the dungeon, and saw 6 of its levels.

You collected 361 gold pieces.
You paid 56 gold pieces to Gozag.

Inventory:

Hand Weapons
 a - a +0 war axe (weapon)
Armour
 b - a +0 scale mail
 c - a +0 kite shield (worn)
 e - a +0 pair of boots
 m - a +0 pair of boots (worn)
 u - a +0 plate armour (worn)
 x - a +0 helmet (worn)
Jewellery
 n - a ring of see invisible (left hand)
Wands
 r - a wand of flame (11)
Scrolls
 f - a scroll of acquirement {unknown}
 g - a scroll of brand weapon {unknown}
 j - 2 scrolls of magic mapping
 l - a scroll of enchant armour {unknown}
 o - a scroll of immolation {unknown}
 q - a scroll of noise {unknown}
 s - a scroll of silence {unknown}
 w - a scroll of amnesia {unknown}
 y - a scroll of identify {unknown}
Potions
 d - a potion of might
 h - 4 potions of curing
 i - a potion of degeneration {unknown}
 p - a potion of attraction
 t - a potion of haste {unknown}
 v - a potion of magic {unknown}


   Skills:
 - Level 3.0 Fighting
 * Level 9.0 Axes
 - Level 3.0 Armour
 - Level 3.0 Shields


You had 7 spell levels left.
You didn't know any spells.
Your spell library contained the following spells:

 Spells                   Type           Power      Damage    Failure   Level
 Magic Dart               Conj           0%         1d3       100%        1
 Call Imp                 Summ           0%         N/A       100%        2
 Mephitic Cloud           Conj/Pois/Air  0%         N/A       100%        3


Dungeon Overview and Level Annotations

Branches:
Dungeon (5/15)             Temple (1/1) D:4

Altars:
Ashenzari
Dithmenos
Elyvilon
Fedhas
Gozag
Hepliaklqana
Kikubaaqudgha
Makhleb
Nemelex Xobeh
Okawaru
Qazlal
Sif Muna
Trog
Vehumet
Wu Jian
Xom
Yredelemnul
The Shining One

Shops:
D:1 [

Annotations:
D:5 3 runed translucent doors, Nausicaa's ghost, novice MiBe


Message History

Aiming: Throw Flame
Press: ? - help, Shift-Dir - straight line, f/p - two-headed ogre
Aim: a two-headed ogre, wielding two +0 giant spiked clubs (lightly wounded, 85% to hit)
The puff of flame hits the two-headed ogre.
The two-headed ogre is lightly wounded.
Press: ? - help, v - describe, . - travel
Here: a two-headed ogre, wielding two +0 giant spiked clubs (lightly wounded)
The floor.
The frilled lizard hisses angrily.
Found a glowing buckler.
The frilled lizard hisses angrily.
You see here a +2 buckler.
Found 2 potions of curing.
You see here 2 potions of curing.
h - 4 potions of curing (gained 2)
You open the door.
The two-headed ogre hits you with a +0 giant spiked club!
You block the two-headed ogre's attack.
A hound comes into view.
Found a long smoking staff.
There is an open door here.
You close the door.
A two-headed ogre opens the door.
As you read the scroll of teleportation, it crumbles to dust.
You feel strangely unstable.
The hound bites you but does no damage. x2
You closely miss the hound.
You hit the two-headed ogre but do no damage.
The hound bites you but does no damage.
The two-headed ogre hits you but does no damage.
The two-headed ogre hits you with a +0 giant spiked club!
The hound barely misses you.
You slash the hound!
The hound is severely wounded.
You slash the two-headed ogre! The hound barely misses you.
The two-headed ogre hits you with a +0 giant spiked club!
You block the two-headed ogre's attack. The hound bites you but does no damage.
The two-headed ogre hits you with a +0 giant spiked club!
* * * LOW HITPOINT WARNING * * *
The two-headed ogre hits you with a +0 giant spiked club!!
You die...
Your body crumbles into a pile of gold.

#.......#.#
#...####..#
.. +..#
#..### ##
##...###.#
##.....#
##...##
##O## #@#
#h# #.# |..
... #....
#..#.
......


You could see a two-headed ogre and a hound.

Vanquished Creatures
  Sigmund (D:3)
  A water moccasin (D:5)
  A centaur (D:5)
  A phantom (D:4)
  A water moccasin skeleton (D:5)
  A hound (D:5)
  Ijyb (D:4)
  Jessica (D:3)
  Natasha (thrice) (D:3)
  An orc wizard (D:4)
  3 gnolls (D:5)
  9 adders
  An ufetubus (D:5)
  An adder skeleton (D:4)
  A worm (D:3)
  2 dart slugs
  2 orcs
  5 ball pythons
  3 bats
  8 endoplasms
  3 giant cockroaches
  7 goblins
  3 hobgoblins
  5 jackals
  3 quokkas
  5 frilled lizards
  10 kobolds
  3 rats
86 creatures vanquished.

Vanquished Creatures (others)
  16 fungi (D:5)
16 creatures vanquished.

Grand Total: 102 creatures vanquished

Notes
Turn   | Place    | Note
-------+----------+-------------------------------------------
     0 | D:1      | blackman the Human Fighter began the quest for the Orb.
     0 | D:1      | Reached XP level 1. HP: 18/18 MP: 1/1
    58 | D:1      | Found a faded altar of an unknown god.
    99 | D:1      | Reached XP level 2. HP: 24/24 MP: 2/2
   246 | D:1      | Found Deiba's Antique Armour Boutique.
   274 | D:1      | Reached skill level 3 in Axes
   586 | D:1      | Reached XP level 3. HP: 25/29 MP: 3/3
  1537 | D:2      | Reached skill level 4 in Axes
  1537 | D:2      | Reached XP level 4. HP: 35/35 MP: 4/4
  2024 | D:3      | Noticed Natasha
  2027 | D:3      | Killed Natasha
  2028 | D:3      | Reached XP level 5. HP: 37/41 MP: 5/5
  2037 | D:3      | Noticed Natasha
  2049 | D:3      | Killed Natasha
  2050 | D:3      | Reached skill level 5 in Axes
  2077 | D:3      | Noticed Natasha
  2092 | D:3      | Killed Natasha
  2542 | D:3      | Noticed Jessica
  2548 | D:3      | Killed Jessica
  2549 | D:3      | Reached XP level 6. HP: 30/47 MP: 6/6
  2733 | D:3      | Noticed Sigmund
  2739 | D:3      | Killed Sigmund
  2740 | D:3      | Reached skill level 6 in Axes
  2896 | D:3      | Reached XP level 7. HP: 52/52 MP: 7/7
  3482 | D:4      | Reached skill level 7 in Axes
  4108 | D:4      | Found a staircase to the Ecumenical Temple.
  4117 | Temple   | Entered the Ecumenical Temple
  4124 | Temple   | Became a worshipper of Gozag Ym Sagoz the Greedy
  4192 | D:4      | Noticed Ijyb
  4201 | D:4      | Paralysed by Ijyb for 2 turns
  4207 | D:4      | Paralysed by Ijyb for 7 turns
  4215 | D:4      | Killed Ijyb
  4837 | D:5      | Entered Level 5 of the Dungeon
  5145 | D:5      | Reached skill level 8 in Axes
  5309 | D:5      | Noticed a water moccasin
  5324 | D:5      | Killed a water moccasin
  5325 | D:5      | Reached XP level 8. HP: 38/58 MP: 8/8
  5430 | D:5      | Found a runed translucent gate.
  5430 | D:5      | Found a runed translucent gate.
  5430 | D:5      | Found a runed translucent gate.
  5431 | D:5      | Noticed Nausicaa's ghost (novice MiBe)
  5684 | D:5      | Reached skill level 9 in Axes
  5711 | D:5      | Noticed a two-headed ogre
  5770 | D:5      | Mangled by a two-headed ogre

Illustrated notes

Levels and vault maps discovered:
D:1:      shiori_arrival_elements, layout_basic, serial_shops,
          nicolae_shop_overgrown_old_shop, shapermc_ecumenical_altar_gd,
          minmay_misc_feat_enclosed, st_stairs_3, hangedman_decor_push,
          chequers_serial_rivers_marsh, minmay_misc_feat_roman
D:2:      layout_loops_cross, kennysheep_generic_room_2
D:3:      layout_basic, uniq_natasha, uniq_jessica, uniq_sigmund
D:4:      minmay_evil_eye, layout_loops_ring, temple_doors_ab, uniq_ijyb
D:5:      layout_loops_corners, gammafunk_temple_overflow_statue,
          gammafunk_ghost_split, serial_aquarium, aquarium_bridge_island_large
          [aquarium_subvault_large_open, aquarium_subvault_balcony,
          aquarium_subvault_wall, aquarium_subvault_bridge,
          aquarium_subvault_bridge], aquarium_window_corridor_3,
          aquarium_window_fake, aquarium_window_1, aquarium_window_1,
          aquarium_view_2c, aquarium_pool_split
Temple:   nicolae_temple_no_exploring_needed

Skill      XL: |  1  2  3  4  5  6  7  8 |
---------------+-------------------------+-----
Axes           | 3 4 5 6 8 9 |  9.0
Fighting       | |  3.0
Armour         | |  3.0
Shields        | |  3.0

Action                   |  1- 3 |  4- 6 |  7- 9 || total
-------------------------+-------+-------+-------++-------
Melee: War axe           |    79 |    86 |   147 ||   312
Evoke: Wand              |       |       |     3 ||     3
  Use: Potion            |       |     2 |     1 ||     3
       Scroll            |       |     1 |     2 ||     3
Armor: Scale mail        |    56 |    26 |       ||    82
       Plate armour      |       |     1 |   113 ||   114
Dodge: Dodged            |    29 |    30 |    35 ||    94
Block: Kite shield       |    46 |    39 |    72 ||   157

Table legend: (Time is in decaauts)
 A = Elapsed time spent in this place.
 B = Non-inter-level travel time spent in this place.
 C = Inter-level travel time spent in this place.
 D = Time resting spent in this place.
 E = Time spent auto-exploring this place.
 F = Levels seen in this place.
 G = Mean time per level.
                   A        B        C        D        E       F      G
               +--------+--------+--------+--------+--------+-----+--------+
         Total |   5916 |   5661 |    255 |    845 |   3984 |   6 |  986.0 |
       Dungeon |   5899 |   5657 |    242 |    845 |   3984 |   5 | 1179.8 |
        Temple |     16 |      3 |     13 |      0 |      0 |   1 |   16.0 |
               +--------+--------+--------+--------+--------+-----+--------+

Top non-repeatable levels by time:
     D:3: 1577 daAuts
     D:4: 1320 daAuts
     D:1: 1242 daAuts
     D:5: 954 daAuts
     D:2: 804 daAuts
  Temple: 16 daAuts
